 Dungeon Crawl Stone Soup version 0.22-a0-240-g539252a (webtiles) character file.

70 wolfsongas the Conjurer (level 4, -3/32 HPs)
             Began as a Gnoll Conjurer on Feb 22, 2018.
             Slain by a worm (6 damage)
             ... on level 2 of the Dungeon.
             The game lasted 00:04:10 (2187 turns).

wolfsongas the Conjurer (Gnoll Conjurer)            Turns: 2187, Time: 00:04:11

Health: -3/32      AC: 12    Str: 11    XL:     4   Next: 21%
Magic:  11/11      EV:  3    Int: 18    God:
Gold:   86         SH:  0    Dex: 15    Spells: 12/13 levels left

rFire    . . .     SeeInvis .   k - +0 dagger
rCold    . . .     Gourm    .   (no shield)
rNeg     . . .     Faith    .   d - +0 plate armour
rPois    .         Spirit   .   (no helmet)
rElec    .         Reflect  .   (no cloak)
rCorr    .         Harm     .   c - +1 pair of gloves
MR       .....                  (no boots)
Stlth    ..........             (no amulet)
HPRegen  0.10/turn              (no ring)
MPRegen  0.12/turn              (no ring)

@: no status effects
A: distributed training, fangs 1, strong nose
a: no special abilities


You were on level 2 of the Dungeon.
You were not hungry.

You visited 1 branch of the dungeon, and saw 2 of its levels.

You collected 86 gold pieces.

Inventory:

Hand Weapons
 k - a +0 dagger (weapon)
Armour
 c - a +1 pair of gloves (worn)
 d - a +0 plate armour (worn)
 f - a +0 ring mail
Scrolls
 e - a scroll of enchant armour {unknown}
 g - a scroll of teleportation
 h - a scroll of fear {unknown}
 i - a scroll of remove curse {unknown}
Potions
 a - a potion of brilliance
 j - a potion of curing
Comestibles
 b - 2 rations
 l - 5 chunks of flesh


   Skills:
 + Level 1.0 Fighting
 + Level 1.0 Short Blades
 + Level 1.0 Long Blades
 + Level 1.0 Axes
 + Level 1.0 Maces & Flails
 + Level 1.0 Polearms
 + Level 1.0 Staves
 + Level 1.0 Slings
 + Level 1.0 Bows
 + Level 1.0 Crossbows
 + Level 1.0 Throwing
 + Level 1.0 Armour
 + Level 4.6 Dodging
 + Level 4.2 Stealth
 + Level 1.0 Shields
 + Level 1.0 Unarmed Combat
 + Level 5.0 Spellcasting
 + Level 7.1 Conjurations
 + Level 0.8 Hexes
 + Level 0.8 Charms
 + Level 0.8 Summonings
 + Level 0.8 Necromancy
 + Level 0.8 Translocations
 + Level 0.8 Transmutations
 + Level 0.8 Fire Magic
 + Level 0.8 Ice Magic
 + Level 0.8 Air Magic
 + Level 0.8 Earth Magic
 + Level 0.8 Poison Magic
 + Level 1.1 Invocations
 + Level 1.0 Evocations


You had 12 spell levels left.
You knew the following spells:

 Your Spells              Type           Power        Failure   Level  Hunger
a - Magic Dart            Conj           ####         94%         1    None


Dungeon Overview and Level Annotations

Branches:
Dungeon (2/15)

Altars:


Innate Abilities, Weirdness & Mutations

Your experience applies equally to all skills.
You have very sharp teeth.
Your uncanny sense of smell can sniff out nearby items.


Message History

You hit the worm. Your bite misses the worm.
The worm is moderately wounded.
Your plate armour prevents you from hitting the worm.
The worm is moderately wounded.
The worm bites you but does no damage.
You hit the worm.
The worm is moderately wounded.
You hit the worm.
The worm is heavily wounded.
The worm bites you but does no damage.
You hit the worm but do no damage. You bite the worm, but do no damage.
The worm is moderately wounded.
The worm bites you.
* * * LOW HITPOINT WARNING * * *
You hit the worm but do no damage.
The worm is moderately wounded.
Your plate armour prevents you from hitting the worm.
The worm is moderately wounded.
The worm bites you.
You die...

..#.##.#. #.###.......#.......
...... .. #...........#....#.#
.......# #)###.......#.......
..#.#..# #.# #..######....#.#
..#....# #.###.###..# #.......
........ ..........# #.#..###
....... ..###(.....# #.#..# #
....... %.......#.#######.#..###
..#.## .......@............>...
.##.######......w.....######..###
.........#.###.#.####.# #.....
..#.####.#.# #.#.# #.# ##.###
...........# #.#.# #.# #.# #
..######.### #.#.# #.# #.# # ...
#.# .#.# #.#######.### ....
###.#####.#.# #.##......... ....
+..(......#.####.##.####.###


You could see a worm.

Vanquished Creatures
  2 adders (D:2)
  2 worms (D:2)
  2 dart slugs
  2 leopard geckos (D:2)
  9 goblins
  4 hobgoblins
  A quokka (D:2)
  2 ball pythons
  2 bats (D:1)
  4 frilled lizards
  5 kobolds
  7 rats
42 creatures vanquished.

Notes
Turn   | Place    | Note
-------+----------+-------------------------------------------
     0 | D:1      | wolfsongas the Gnoll Conjurer began the quest for the Orb.
     0 | D:1      | Reached XP level 1. HP: 13/13 MP: 6/6
   284 | D:1      | Reached XP level 2. HP: 19/19 MP: 5/7
   694 | D:1      | Reached XP level 3. HP: 25/25 MP: 7/9
  1046 | D:2      | Reached skill level 5 in Spellcasting
  1320 | D:2      | Reached skill level 1 in Invocations
  1542 | D:2      | Reached skill level 1 in Fighting
  1542 | D:2      | Reached skill level 1 in Short Blades
  1542 | D:2      | Reached skill level 1 in Long Blades
  1542 | D:2      | Reached skill level 1 in Axes
  1542 | D:2      | Reached skill level 1 in Maces & Flails
  1542 | D:2      | Reached skill level 1 in Polearms
  1542 | D:2      | Reached skill level 1 in Staves
  1542 | D:2      | Reached skill level 1 in Slings
  1542 | D:2      | Reached skill level 1 in Bows
  1542 | D:2      | Reached skill level 1 in Crossbows
  1542 | D:2      | Reached skill level 1 in Throwing
  1542 | D:2      | Reached skill level 1 in Armour
  1542 | D:2      | Reached skill level 1 in Shields
  1542 | D:2      | Reached skill level 1 in Unarmed Combat
  1542 | D:2      | Reached skill level 1 in Evocations
  1587 | D:2      | Reached XP level 4. HP: 32/32 MP: 11/11
  1588 | D:2      | Noticed Terence
  2187 | D:2      | Slain by a worm

Vault maps used:
D:1:      dpeg_arrival_boxes_within_box
D:2:      uniq_terence

Skill      XL: |  1  2  3 |
---------------+----------+-----
Spellcasting   | 5 |  5.0
Invocations    | 1 |  1.1
Fighting       | 1 |  1.0
Short Blades   | 1 |  1.0
Long Blades    | 1 |  1.0
Axes           | 1 |  1.0
Maces & Flails | 1 |  1.0
Polearms       | 1 |  1.0
Staves         | 1 |  1.0
Slings         | 1 |  1.0
Bows           | 1 |  1.0
Crossbows      | 1 |  1.0
Throwing       | 1 |  1.0
Armour         | 1 |  1.0
Shields        | 1 |  1.0
Unarmed Combat | 1 |  1.0
Evocations     | 1 |  1.0
Dodging        | |  4.6
Stealth        | |  4.2
Conjurations   | |  7.1
Hexes          | |  0.8
Charms         | |  0.8
Summonings     | |  0.8
Necromancy     | |  0.8
Translocations | |  0.8
Transmutations | |  0.8
Fire Magic     | |  0.8
Ice Magic      | |  0.8
Air Magic      | |  0.8
Earth Magic    | |  0.8
Poison Magic   | |  0.8

Action                   |  1- 3 |  4- 6 || total
-------------------------+-------+-------++-------
Melee: Club              |     7 |       ||     7
       Unarmed           |     1 |       ||     1
       Dagger            |    49 |   131 ||   180
       Bite              |     3 |    13 ||    16
 Cast: Magic Dart        |    41 |       ||    41
  Use: Scroll            |     3 |       ||     3
 Stab: Sleeping          |     2 |       ||     2
  Eat: Chunk             |     2 |     2 ||     4
Armor: Robe              |     1 |       ||     1
       Ring mail         |     2 |       ||     2
       Plate armour      |    39 |    72 ||   111
Dodge: Dodged            |    14 |    12 ||    26

Table legend:
 A = Spawn XP
 B = Non-spawn XP
 C = Spawn XP percentage of total XP
 D = Spawn monster count
 E = Non-spawn monster count
 F = Spawn count percentage of total count
 G = Total turns spent on level
                    A         B        C        D         E        F      G
               +---------+---------+-------+---------+---------+-------+---------
         Total |       0 |     100 |   0.0 |       0 |      42 |   0.0 |  2187
               +---------+---------+-------+---------+---------+-------+---------
           D:1 |       0 |      35 |   0.0 |       0 |      22 |   0.0 |  1031
           D:2 |       0 |      65 |   0.0 |       0 |      20 |   0.0 |  1156
               +---------+---------+-------+---------+---------+-------+---------
